[Event "Late-Titled-Tuesday-Blitz-May-14-2024"]
[Site "Chess.com"]
[Date "2024.05.14"]
[Round "9"]
[White "HandKnit"]
[Black "ClauAmura"]
[Result "1-0"]
[WhiteElo "2503"]
[BlackElo "2338"]
[TimeControl "180+1"]
[EndTime "15:40:22 PDT"]
[Termination "HandKnit won by resignation"]

1. c4 e6 2. Nc3 d5 3. cxd5 exd5 4. d4 Be7 5. Bf4 c6 6. e3 Bf5 7. Nge2 Nf6 8. Ng3 Bg6 9. h4 h5 10. Bd3 Bxd3 11. Qxd3 g6 12. f3 Na6 13. O-O-O Nb4 14.
Qe2 O-O 15. a3 Na6 16. e4 Nc7 17. Be5 Ne6 18. f4 Nxe4 19. Ncxe4 dxe4 20. f5 Ng7 21. fxg6 fxg6 22. Qxe4 Nf5 23. Nxf5 Rxf5 24. g4 Bg5+ 25. Kb1 hxg4 26. hxg5 1-0

[Event "Late-Titled-Tuesday-Blitz-May-14-2024"]
[Site "Chess.com"]
[Date "2024.05.14"]
[Round "9"]
[White "Mikhail_Golubev"]
[Black "Slovineanu"]
[Result "1-0"]
[WhiteElo "2594"]
[BlackElo "2474"]
[TimeControl "180+1"]
[EndTime "15:40:37 PDT"]
[Termination "Mikhail_Golubev won by resignation"]

1. e4 c6 2. d4 d5 3. e5 Bf5 4. h4 h5 5. c4 e6 6. Nc3 Bb4 7. a3 Bxc3+ 8. bxc3 Ne7 9. Bg5 dxc4 10. Bxc4 b5 11. Bd3 Bxd3 12. Qxd3 Nd7 13. Rd1 Nb6 14.
Ne2 Nc4 15. Qg3 g6 16. O-O Qd7 17. Qf3 Nf5 18. Nf4 Nxa3 19. Bf6 Rg8 20. d5 cxd5 21.
Nxd5 exd5 22. Rxd5 Qc7 23. Rfd1 Nc4 24. Rd7 Qc8 25.
Qxa8 1-0

[Event "Late-Titled-Tuesday-Blitz-May-14-2024"]
[Site "Chess.com"]
[Date "2024.05.14"]
[Round "9"]
[White "Romkachess"]
[Black "lamomiajunior"]
[Result "0-1"]
[WhiteElo "2588"]
[BlackElo "2787"]
[TimeControl "180+1"]
[EndTime "15:40:44 PDT"]
[Termination "lamomiajunior won by checkmate"]

1. e4 c5 2. Nf3 d6 3. d4 cxd4 4. Nxd4 Nf6 5. Nc3 a6 6. f3 e6 7. Be3 h5 8. Qd2 Be7 9. O-O-O b5 10. a3 Bb7 11. g3 Nbd7 12. Qf2 Rc8 13. h3 Ne5 14.
Be2 Rxc3 15. bxc3 d5 16. Kb2 Qa5 17. Ra1 dxe4 18. Nb3 Qc7 19. f4 Nc4+ 20. Bxc4 bxc4 21. Nc5 Nd5 22. Nxe4 Qc6 23. Bd4 f6 24. Rhe1 Kd7 25. Ka2 Rc8 26. Rab1 Ba8 27. Nd2 Qa4 28. Nf3 Qxa3# 0-1

[Event "Late-Titled-Tuesday-Blitz-May-14-2024"]
[Site "Chess.com"]
[Date "2024.05.14"]
[Round "9"]
[White "Christian-Toth"]
[Black "Balla_Tamas"]
[Result "0-1"]
[WhiteElo "2380"]
[BlackElo "2537"]
[TimeControl "180+1"]
[EndTime "15:40:58 PDT"]
[Termination "Balla_Tamas won by resignation"]

1. e4 c5 2. Nf3 Nc6 3. Bb5 Nf6 4. Bxc6 dxc6 5. d3 Nd7 6. O-O e5 7. Be3 Bd6 8. Nbd2 Nf8 9. Nc4 f6 10. Nxd6+ Qxd6 11. Nd2 Ne6 12. a4 a5 13. Nc4 Qc7 14. Qh5+ g6 15. Qh6 b6 16. f4 Ba6 17. fxe5 Bxc4 18.
exf6 Ba6 19. f7+ Kd7 20. Rf6 Qe5 21. Raf1 Raf8 22. b3 Kc7 23. Qh4 g5 24. Rxe6 Qxe6 25. Bxg5 Rxf7 0-1

[Event "Late-Titled-Tuesday-Blitz-May-14-2024"]
[Site "Chess.com"]
[Date "2024.05.14"]
[Round "9"]
[White "lucasmito"]
[Black "super_emi_26"]
[Result "0-1"]
[WhiteElo "2740"]
[BlackElo "2867"]
[TimeControl "180+1"]
[EndTime "15:41:03 PDT"]
[Termination "super_emi_26 won by resignation"]

1. e4 g6 2. d4 Bg7 3. Nc3 c6 4. Nf3 d5 5. h3 dxe4 6. Nxe4 Nf6 7. Nxf6+ exf6 8. Bc4 O-O 9. O-O Nd7 10. a4 Nb6 11. Bb3 Re8 12. a5 Nd5 13. c3 Be6 14.
Re1 Qd7 15. Qd3 Rad8 16. Bd2 h5 17. Rad1 Bf5 18. Qc4 Be6 19. Qd3 b5 20. axb6 axb6 21. Ra1 b5 22. Ra6 Nf4 23. Bxe6 Nxe6 24. Rea1 Nc5 25.
Qf1 Nxa6 26. Rxa6 Ra8 27. Qa1 Qb7 28. Rxa8 Rxa8 29. Qe1 Qd7 30. Qb1 Qd5 31. b3 Ra3 32.
b4 Ra8 33. Be3 Re8 34. Nd2 f5 35. g3 h4 36. gxh4 Bf6 37. h5 g5 38. Nf1 f4 39.
Bd2 Qe4 40. Qa2 Qf3 41. Qa6 Re2 42. Qc8+ Kg7 43. h6+ Kxh6 44. Qf8+ Bg7 45. Qd6+ Kh7 46. Be1 Rxe1 47. Qxc6 Qxc6 0-1

[Event "Late-Titled-Tuesday-Blitz-May-14-2024"]
[Site "Chess.com"]
[Date "2024.05.14"]
[Round "9"]
[White "betta2004"]
[Black "NateSolon"]
[Result "1/2-1/2"]
[WhiteElo "2552"]
[BlackElo "2659"]
[TimeControl "180+1"]
[EndTime "15:41:06 PDT"]
[Termination "Game drawn by repetition"]

1. Nf3 d5 2. e3 c6 3. b3 Bg4 4.
Bb2 Nd7 5. Be2 Ngf6 6. d4 e6 7. Nbd2 Bd6 8. Ne5 Bxe2 9. Qxe2 Qc7 10. f4 O-O 11. O-O c5 12. c4 cxd4 13. exd4 dxc4 14.
bxc4 Rac8 15. Rac1 Rfd8 16. Ndf3 Nf8 17. Ng5 Ng6 18.
Ngxf7 Rf8 19. Nxd6 Qxd6 20. g3 Ne7 21. Qf3 Nf5 22.
Rfd1 Qa6 23. a3 Rfd8 24. g4 Nd6 25. g5 Nd7 26. d5 Nxe5 27. Bxe5 Nxc4 28. dxe6 Qxe6 29.
Rxd8+ Rxd8 30. Qxb7 Nxe5 31. fxe5 Qxe5 32. Qb3+ Kh8 33.
Qg3 Qd4+ 34. Qf2 Qg4+ 35. Qg2 Qd4+ 36. Qf2 Qe5 37. Qg3 Qd4+ 38. Qf2 1/2-1/2

[Event "Late-Titled-Tuesday-Blitz-May-14-2024"]
[Site "Chess.com"]
[Date "2024.05.14"]
[Round "9"]
[White "Bykov_Egor"]
[Black "Naruto-K"]
[Result "1-0"]
[WhiteElo "2616"]
[BlackElo "2496"]
[TimeControl "180+1"]
[EndTime "15:41:11 PDT"]
[Termination "Bykov_Egor won by resignation"]

1. e4 e6 2. d4 d5 3. Bd3 c5 4. dxc5 dxe4 5. Bb5+ Bd7 6. Bxd7+ Nxd7 7. b4 a5 8. Nc3 Qf6 9. Nb5 Rc8 10. Rb1 axb4 11.
Nh3 Rxc5 12. Rxb4 Rd5 13. Nc7+ Kd8 14. Nxd5 exd5 15. Bg5 Bxb4+ 16. Ke2 Nb6 17. Qd4 1-0

[Event "Late-Titled-Tuesday-Blitz-May-14-2024"]
[Site "Chess.com"]
[Date "2024.05.14"]
[Round "9"]
[White "Jospem"]
[Black "Hikaru"]
[Result "0-1"]
[WhiteElo "3025"]
[BlackElo "3238"]
[TimeControl "180+1"]
[EndTime "15:41:12 PDT"]
[Termination "Hikaru won by resignation"]

1. e4 a6 2. d4 c6 3. Bd3 d5 4. e5 c5 5. c3 Nc6 6. Ne2 cxd4 7. cxd4 Bg4 8. f3 Bh5 9. e6 fxe6 10. Nbc3 Nf6 11.
Bf4 Bf7 12. Qd2 Nd7 13. Bg3 e5 14. dxe5 Ndxe5 15. O-O e6 16. Rae1 Bc5+ 17. Kh1 Nxd3 18. Qxd3 O-O 19. Rd1 Rc8 20. Rfe1 Re8 21. Qd2 d4 22.
Qc1 e5 23. Ne4 Bb4 24. Rg1 Bxa2 25. Nf2 Bb3 26. Rd3 Na5 27. Qa1 Bc4 28. Rgd1 Kh8 29.
h4 Bxd3 30. Nxd3 Bd6 31. Qa4 Nc4 32. Bf2 Ne3 33. Bxe3 Qxh4+ 34. Kg1 e4 35. Qxd4 Qh2+ 36.
Kf1 exd3 37. Qxd3 Bc5 38. Bxc5 Rxc5 39. Qe4 Rce5 0-1

[Event "Late-Titled-Tuesday-Blitz-May-14-2024"]
[Site "Chess.com"]
[Date "2024.05.14"]
[Round "9"]
[White "Boorchess"]
[Black "egnfanclub"]
[Result "1-0"]
[WhiteElo "2587"]
[BlackElo "2366"]
[TimeControl "180+1"]
[EndTime "15:41:18 PDT"]
[Termination "Boorchess won on time"]

1. d4 d5 2. c4 c6 3. cxd5 cxd5 4. Nc3 Nf6 5. f3 Nc6 6. e4 dxe4 7. d5 Ne5 8. fxe4 e6 9. Nf3 Bd6 10. Bb5+ Kf8 11.
O-O Qb6+ 12. Kh1 Nxf3 13. Qxf3 exd5 14. Nxd5 Qxb5 15. Nxf6 Be6 16. Nd5 Rc8 17. Bf4 Bxf4 18. Qxf4 Qd7 19. Rad1 Bxd5 20. Rxd5 Qe6 21. Rf5 f6 22. e5 Rc4 23. Qd2 Kf7 24. exf6 g6 25. Rd5 Rc7 26. Qh6 Ke8 27. Rdd1 1-0

[Event "Late-Titled-Tuesday-Blitz-May-14-2024"]
[Site "Chess.com"]
[Date "2024.05.14"]
[Round "9"]
[White "ZachHKL"]
[Black "Godzillator"]
[Result "1-0"]
[WhiteElo "2329"]
[BlackElo "2428"]
[TimeControl "180+1"]
[EndTime "15:41:19 PDT"]
[Termination "ZachHKL won by resignation"]

1. c4 c6 2. g3 d5 3. Bg2 Nf6 4. Nf3 dxc4 5. O-O b5 6. a4 Bb7 7.
Na3 a6 8. b3 cxb3 9. Qxb3 Qc8 10. Rb1 e6 11. d3 Be7 12. Be3 O-O 13. Rfc1 Nd5 14. axb5 Nxe3 15. fxe3 axb5 16. Nxb5 Qd7 17. Nc3 Ba6 18. Ne4 Qa7 19. Kf2 Bb5 20. Nd4 Nd7 21. Nxb5 cxb5 22. Qxb5 Nf6 23. Nxf6+ Bxf6 24. Bxa8 Qxa8 25. Qb7 Qa4 26. Rc8 g6 27. Rxf8+ Kxf8 28.
Qb4+ Qxb4 29. Rxb4 h5 30. Kf3 Kg7 31. e4 e5 32. e3 g5 33. h3 1-0

[Event "Late-Titled-Tuesday-Blitz-May-14-2024"]
[Site "Chess.com"]
[Date "2024.05.14"]
[Round "9"]
[White "rionelG"]
[Black "geordie_derraugh"]
[Result "1-0"]
[WhiteElo "2325"]
[BlackElo "2415"]
[TimeControl "180+1"]
[EndTime "15:41:23 PDT"]
[Termination "rionelG won by resignation"]

1. e4 e5 2. Nf3 Nc6 3. d4 exd4 4.
Nxd4 Bc5 5. Nxc6 Qf6 6. Qf3 bxc6 7. Nc3 Qxf3 8. gxf3 Ne7 9. Be3 Bb4 10. O-O-O Bxc3 11. bxc3 d6 12. c4 c5 13. h4 h5 14. Bh3 Bxh3 15.
Rxh3 Ng6 16. f4 Rb8 17. Rd3 Rb4 18. Rb3 a5 19. a3 Rb6 20. Bd2 a4 21. Rbf3 O-O 22.
Ba5 Rb7 23. Kd2 f5 24. Bc3 fxe4 25. Rfg3 Kh7 26. Rg5 Rxf4 27. Rhg3 Nxh4 28. Rxh5+ Kg8 29.
Rxg7+ 1-0

[Event "Late-Titled-Tuesday-Blitz-May-14-2024"]
[Site "Chess.com"]
[Date "2024.05.14"]
[Round "9"]
[White "Iuckyducky"]
[Black "1g60-1"]
[Result "0-1"]
[WhiteElo "2298"]
[BlackElo "2421"]
[TimeControl "180+1"]
[EndTime "15:41:26 PDT"]
[Termination "1g60-1 won on time"]

1. e4 e6 2. d4 d5 3. Nc3 Nf6 4.
Bg5 Be7 5. e5 Nfd7 6. h4 h6 7.
Bxe7 Qxe7 8. Qg4 g6 9. f4 h5 10. Qg3 a6 11. Nf3 c5 12. O-O-O Nc6 13. Be2 b5 14.
dxc5 Nxc5 15. f5 b4 16. f6 Qc7 17. Nb1 Ne4 18. Qe1 Nxe5 19. Qxb4 Rb8 20. Qa4+ Bd7 21. Qxa6 Nxf6 22. Nc3 O-O 23. Nxe5 Qxe5 24. Rdf1 Qe3+ 25. Kd1 Rxb2 26. Rxf6 Qxc3 27. Rxg6+ fxg6 0-1

[Event "Late-Titled-Tuesday-Blitz-May-14-2024"]
[Site "Chess.com"]
[Date "2024.05.14"]
[Round "9"]
[White "Kosak12"]
[Black "jeetjain"]
[Result "1-0"]
[WhiteElo "2772"]
[BlackElo "2580"]
[TimeControl "180+1"]
[EndTime "15:41:27 PDT"]
[Termination "Kosak12 won by resignation"]

1. d4 e6 2. Nf3 f5 3. g3 Nf6 4. Bg2 Be7 5. O-O O-O 6. c4 d6 7. Nc3 Nbd7 8. Qc2 c5 9. Rd1 a6 10. Ng5 Nb6 11. dxc5 Nxc4 12. b3 Ne5 13. cxd6 Bxd6 14.
Ba3 Ne8 15. Bxd6 Nxd6 16. Qd2 Ndf7 17. Qxd8 Rxd8 18. Nxf7 Nxf7 19. Na4 Rb8 20. Rxd8+ Nxd8 21. Rd1 Nf7 22. Nb6 Kf8 23. Rc1 Nd6 24. Rc7 h6 25. h4 Kg8 26. h5 Kf8 27. b4 Kg8 28. a4 Kf8 29. Kf1 Kg8 30. Ke1 Kf8 31. Kd2 Ke8 32. Rxg7 Nf7 33. Rg8+ 1-0

[Event "Late-Titled-Tuesday-Blitz-May-14-2024"]
[Site "Chess.com"]
[Date "2024.05.14"]
[Round "9"]
[White "dealshark"]
[Black "FredddieCroderg"]
[Result "0-1"]
[WhiteElo "2531"]
[BlackElo "2348"]
[TimeControl "180+1"]
[EndTime "15:41:30 PDT"]
[Termination "FredddieCroderg won by resignation"]

1. e4 e5 2. Nf3 f6 3. Nxe5 Qe7 4. Nf3 Qxe4+ 5. Be2 Bd6 6. Nc3 Qg4 7. O-O b6 8.
Nb5 Bb7 9. Nxd6+ cxd6 10. d4 Nc6 11. c3 O-O-O 12. Ne5 Qe6 13. Nc4 d5 14. Ne3 Nge7 15. Re1 Qf7 16. Bf3 g5 17. c4 h5 18. Nxd5 g4 19.
Nxe7+ Nxe7 20. Bxb7+ Kxb7 21. Qe2 Ng6 22. Qe4+ d5 23.
cxd5 Rhe8 24. d6+ Rxe4 25. Rxe4 Qd5 26. Re1 h4 27. Be3 h3 0-1

[Event "Late-Titled-Tuesday-Blitz-May-14-2024"]
[Site "Chess.com"]
[Date "2024.05.14"]
[Round "9"]
[White "Walter_White_Poland"]
[Black "carloseduar100"]
[Result "0-1"]
[WhiteElo "2372"]
[BlackElo "2262"]
[TimeControl "180+1"]
[EndTime "15:41:30 PDT"]
[Termination "carloseduar100 won by resignation"]

1. e4 e6 2. d4 d5 3. Nc3 Nf6 4. Bg5 Be7 5. e5 Nfd7 6. Bxe7 Qxe7 7. f4 c5 8. Nb5 O-O 9. Nc7 Nxe5 10. Nxa8 Nec6 11. Nf3 cxd4 12. Bd3 g6 13. O-O b6 14. a3 Bb7 15. Nxb6 axb6 16. b4 Qf6 17.
Qd2 Nd7 18. a4 Ra8 19. a5 bxa5 20. bxa5 Ba6 21. Bb5 Bxb5 22. Rfb1 Bc4 23. Rb7 Nc5 24.
Rc7 Ne4 25. Qc1 Nxa5 26. f5 Qxf5 27. Qh6 e5 28. Nxe5 Qxe5 29. Rxa5 Rf8 30. Rxc4 Qf6 31. Ra1 dxc4 0-1

[Event "Late-Titled-Tuesday-Blitz-May-14-2024"]
[Site "Chess.com"]
[Date "2024.05.14"]
[Round "9"]
[White "mouseslips_are_the_best"]
[Black "rdarruda"]
[Result "1/2-1/2"]
[WhiteElo "2371"]
[BlackElo "2493"]
[TimeControl "180+1"]
[EndTime "15:41:31 PDT"]
[Termination "Game drawn by repetition"]

1. e4 c5 2. Nf3 Nc6 3. d4 cxd4 4. Nxd4 e5 5. Nb5 a6 6. Nd6+ Bxd6 7. Qxd6 Qe7 8.
Qxe7+ Ngxe7 9. c4 d6 10. Nc3 Be6 11. Be3 O-O 12. O-O-O Rfd8 13. Nd5 Rac8 14. Kb1 Bxd5 15.
cxd5 Nb8 16. Bb6 Re8 17. Bd3 Nd7 18. Be3 Nc5 19. Bxc5 Rxc5 20. Rc1 Rec8 21. b4 Rxc1+ 22. Rxc1 Rxc1+ 23. Kxc1 Kf8 24. a4 Nc8 25. a5 Ke7 26.
Kb2 Kd8 27. Kc3 Kc7 28. Kd2 g6 29. Ke3 Ne7 30. f4 f6 31. g3 Nc8 32. Be2 Ne7 33.
h4 Kb8 34. h5 g5 35. fxg5 fxg5 36. Kf3 h6 37. Kg4 Kc7 38. Kh3 Kd8 39. Kg2 Ng8 40.
g4 Nf6 41. Bf3 Kc7 42. Kf2 b6 43. Ke3 bxa5 44. bxa5 Kb7 45. Kd3 Nd7 46. Kc4 Nc5 47. Kb4 Nd3+ 48. Kc3 Nf4 49. Kb4 Nd3+ 50. Kc3 Nc5 51.
Kb4 Kc7 52. Kc4 Nb7 53. Kb4 Kb8 54. Be2 Ka7 55. Bf3 Nd8 56. Kc4 Nf7 57. Kb4 Nh8 58.
Kc4 Nf7 59. Kb4 Nd8 60. Kc4 Nb7 61. Kb4 Nc5 62. Kc4 Na4 63. Kb4 Nc5 64. Kc4 Kb7 65. Kb4 1/2-1/2

[Event "Late-Titled-Tuesday-Blitz-May-14-2024"]
[Site "Chess.com"]
[Date "2024.05.14"]
[Round "9"]
[White "Sanyura"]
[Black "Michalczak"]
[Result "1-0"]
[WhiteElo "2651"]
[BlackElo "2505"]
[TimeControl "180+1"]
[EndTime "15:41:32 PDT"]
[Termination "Sanyura won by resignation"]

1. e4 e5 2. Nf3 Nc6 3. Bb5 f5 4. d3 fxe4 5. dxe4 Nf6 6. Bg5 h6 7. Bxf6 Qxf6 8. Nbd2 d6 9. h3 Be7 10. c3 O-O 11. O-O Kh8 12. Be2 Qg6 13. Kh1 Rf4 14.
Nh2 Be6 15. Bg4 Raf8 16. Bxe6 Qxe6 17. Ng4 Bg5 18. Qe2 a6 19. Ne3 Qf7 20. f3 Rh4 21. Nf5 Rh5 22. h4 Bxh4 23. g4 Rg5 24. Nxh4 h5 25. Rg1 hxg4 26. Rxg4 Rxg4 27. fxg4 Ne7 28.
Rf1 Qe8 29. Nf5 Ng6 30. Nf3 Nf4 31. Qh2+ Kg8 32. Ng5 1-0

[Event "Late-Titled-Tuesday-Blitz-May-14-2024"]
[Site "Chess.com"]
[Date "2024.05.14"]
[Round "9"]
[White "Nor1lsk"]
[Black "TigrVShlyape"]
[Result "0-1"]
[WhiteElo "2781"]
[BlackElo "2944"]
[TimeControl "180+1"]
[EndTime "15:41:39 PDT"]
[Termination "TigrVShlyape won by resignation"]

1. e4 e5 2. Nc3 Nf6 3. d4 exd4 4. Qxd4 Nc6 5. Qd3 g6 6. Bg5 h6 7.
Bh4 Bg7 8. f4 d6 9. O-O-O g5 10.
fxg5 Ng4 11. gxh6 Bxh6+ 12. Kb1 Qxh4 13. Nd5 Qd8 14. Qc3 Nge5 15. Nf3 Bg7 16. Bb5 Bd7 17.
Rhf1 a6 18. Ba4 O-O 19. Bb3 Be6 20. Qd2 a5 21. a3 b5 22. g4 Nxf3 23. Rxf3 Ne5 24. Rg3 c6 25. Ne3 Qg5 26. Qf2 Qf6 27. Qe2 Nc4 0-1

[Event "Late-Titled-Tuesday-Blitz-May-14-2024"]
[Site "Chess.com"]
[Date "2024.05.14"]
[Round "9"]
[White "A4RookA3"]
[Black "slorovel"]
[Result "1/2-1/2"]
[WhiteElo "2443"]
[BlackElo "2562"]
[TimeControl "180+1"]
[EndTime "15:41:39 PDT"]
[Termination "Game drawn - insufficient material"]

1. e4 e6 2. d4 d5 3. exd5 exd5 4. Nf3 Nf6 5. Bd3 c5 6. O-O c4 7. Be2 Be7 8. b3 cxb3 9. axb3 O-O 10. Bf4 Nc6 11.
Nbd2 Bg4 12. c3 Rc8 13. Ne5 Bxe2 14. Qxe2 a6 15. Qd3 h6 16. Rfe1 Bd6 17. Nxc6 Rxc6 18. Bxd6 Qxd6 19. c4 dxc4 20. bxc4 Rd8 21. d5 b5 22.
cxb5 axb5 23. Qxb5 Rc5 24. Qb7 Rxd5 25. Nf3 Rh5 26.
Ra8 Rxa8 27. Qxa8+ Kh7 28. h3 Rd5 29. Qb7 Qd7 30.
Qxd7 Rxd7 31. g3 g6 32. h4 Kg7 33. Kg2 Ra7 34. Re2 Ra5 35. Ne5 g5 36. hxg5 hxg5 37. Nf3 Kg6 38. Re5 Rxe5 39. Nxe5+ Kg7 40. g4 Nd5 41.
Nd3 Kf6 42. Kg3 Nc3 43. f4 Ne2+ 44. Kf3 Nd4+ 45. Ke4 Ne6 46. fxg5+ Kxg5 47. Ne5 f6 48. Nd7 Nc5+ 49. Nxc5 Kxg4 50. Ne6 f5+ 51. Ke5 f4 52. Nxf4 1/2-1/2

[Event "Late-Titled-Tuesday-Blitz-May-14-2024"]
[Site "Chess.com"]
[Date "2024.05.14"]
[Round "9"]
[White "Pitomina"]
[Black "Masterisback04"]
[Result "1-0"]
[WhiteElo "2537"]
[BlackElo "2067"]
[TimeControl "180+1"]
[EndTime "15:41:40 PDT"]
[Termination "Pitomina won on time"]

1. d4 Nf6 2. c4 g6 3. Nc3 Bg7 4. Nf3 O-O 5. e4 d6 6. Be2 e5 7. O-O exd4 8. Nxd4 Re8 9. f3 Nc6 10. Be3 Nh5 11. Qd2 Nf4 12. Rad1 Bxd4 13. Bxd4 Qg5 14. g3 Nxd4 15. Qxd4 Ne6 16. Qd2 Qc5+ 17. Kh1 Rd8 18. Nd5 c6 19. Ne3 b6 20. Qc3 Qe5 21. Qxe5 dxe5 22.
Rxd8+ Nxd8 23. c5 Ne6 24. cxb6 axb6 25. a3 Nd4 26. Bd3 Ba6 27. Bxa6 Rxa6 28. Nc4 f6 29. f4 b5 30. Ne3 1-0

[Event "Late-Titled-Tuesday-Blitz-May-14-2024"]
[Site "Chess.com"]
[Date "2024.05.14"]
[Round "9"]
[White "balack95"]
[Black "hsd2016"]
[Result "0-1"]
[WhiteElo "2464"]
[BlackElo "2320"]
[TimeControl "180+1"]
[EndTime "15:41:42 PDT"]
[Termination "hsd2016 won by resignation"]

1. Nf3 Nf6 2. c4 g6 3. g3 Bg7 4.
Bg2 O-O 5. O-O c6 6. d4 d5 7. b3 Ne4 8. Bb2 Nd7 9. cxd5 cxd5 10. Nc3 Nxc3 11. Bxc3 Nf6 12. Ne5 Ne4 13. Bb2 f6 14. Nd3 b6 15. Rc1 Bb7 16. b4 Qd7 17. Qb3 Nd2 18. Qd1 Nxf1 19. Kxf1 Rac8 20. Rxc8 Rxc8 21.
Kg1 Rc7 22. h4 Qb5 23. Kh2 Qc4 24. Qa4 Bc6 25. Qa3 Qc2 26. Bf3 Rd7 27. Qa6 Rc7 28.
b5 Ba8 29. a4 Qd2 30. Ba3 Qc3 31. a5 Qxa3 32. axb6 Qxa6 33. bxa6 axb6 34. Nb4 e6 35. e4 dxe4 36. Be2 Bf8 0-1

[Event "Late-Titled-Tuesday-Blitz-May-14-2024"]
[Site "Chess.com"]
[Date "2024.05.14"]
[Round "9"]
[White "Eliwood44"]
[Black "jinxy2009"]
[Result "0-1"]
[WhiteElo "2414"]
[BlackElo "2308"]
[TimeControl "180+1"]
[EndTime "15:41:42 PDT"]
[Termination "jinxy2009 won by resignation"]

1. d4 Nf6 2. c4 g6 3. Nc3 d5 4. Nf3 Bg7 5. Bf4 O-O 6. e3 c5 7.
dxc5 Ne4 8. Rc1 Qa5 9. Be5 Bxe5 10. Nxe5 Nxc3 11. Rxc3 Qxa2 12. cxd5 Qxb2 13. Qc1 Qxc1+ 14. Rxc1 Nd7 15. Nd3 Nf6 16. Nf4 a5 17. Bc4 Bd7 18. Ke2 Rfc8 19. Nd3 a4 20. f3 Ra5 21.
Ba2 Bb5 22. d6 Rd8 23. Rhd1 exd6 24. Kf2 dxc5 25. Bxf7+ Kxf7 26. Ne5+ Ke7 27. Rxd8 Kxd8 28. Rd1+ Ke7 0-1

[Event "Late-Titled-Tuesday-Blitz-May-14-2024"]
[Site "Chess.com"]
[Date "2024.05.14"]
[Round "9"]
[White "XDPS"]
[Black "jinbojinbo"]
[Result "1-0"]
[WhiteElo "2810"]
[BlackElo "2655"]
[TimeControl "180+1"]
[EndTime "15:41:51 PDT"]
[Termination "XDPS won by resignation"]

1. d4 Nf6 2. Nf3 g6 3. Nbd2 d5 4. e3 Bg7 5. b4 O-O 6. c4 dxc4 7. Bxc4 a5 8. b5 c6 9. a4 Bf5 10. O-O cxb5 11. axb5 Nbd7 12. Re1 Nb6 13. Ba2 Ne4 14. Nxe4 Bxe4 15. Ba3 Rc8 16. Bc5 Nd7 17. Ba3 Nb6 18. Bc5 Nd7 19. Rc1 Nxc5 20. dxc5 Bb2 21. Rc4 Bd3 22.
Rf4 Bxb5 23. Qb3 Rxc5 24. Qxb2 Bc6 25. Ne5 Bd5 26. Rd1 f6 27. Rfd4 e6 28. Nd3 Rc7 29. e4 1-0

[Event "Late-Titled-Tuesday-Blitz-May-14-2024"]
[Site "Chess.com"]
[Date "2024.05.14"]
[Round "9"]
[White "Hamisandwich"]
[Black "HowTo2Draw"]
[Result "1-0"]
[WhiteElo "2754"]
[BlackElo "2581"]
[TimeControl "180+1"]
[EndTime "15:41:51 PDT"]
[Termination "Hamisandwich won by resignation"]

1. e4 c6 2. Nf3 d5 3. exd5 cxd5 4. Ne5 Nc6 5. d4 Nf6 6. Bb5 Bd7 7. Nxd7 Qxd7 8.
O-O e6 9. c3 Be7 10. Nd2 O-O 11.
Nf3 a6 12. Bd3 Ne4 13. Qe2 f5 14. Re1 Kh8 15. Nd2 Rae8 16. f3 Bh4 17. g3 Nxg3 18.
hxg3 Bxg3 19. Rd1 Rf6 20. Nf1 f4 21. Nxg3 fxg3 22. Bg5 Rf7 23. Kg2 Ref8 24. Rf1 Qd6 25. Rae1 Re8 26. Rh1 h6 27. Bg6 Rfe7 28. Bxe8 Rxe8 29.
Bxh6 gxh6 30. Rxh6+ Kg7 31. Rxe6 Rxe6 32. Qxe6 1-0

[Event "Late-Titled-Tuesday-Blitz-May-14-2024"]
[Site "Chess.com"]
[Date "2024.05.14"]
[Round "9"]
[White "SahaNeelash"]
[Black "Jahonas"]
[Result "1-0"]
[WhiteElo "2682"]
[BlackElo "2383"]
[TimeControl "180+1"]
[EndTime "15:41:51 PDT"]
[Termination "SahaNeelash won by resignation"]

1. Nf3 d5 2. b3 e6 3. Bb2 Nf6 4.
e3 c5 5. Bb5+ Bd7 6. c4 a6 7.
Bxd7+ Qxd7 8. O-O dxc4 9. bxc4 Nc6 10. Qe2 Be7 11. Rd1 O-O 12. Nc3 Rfd8 13. d3 Nb4 14. a3 Nc6 15. Rab1 Qc7 16. Ba1 Na5 17. Ne1 Rac8 18. f4 Nd7 19. Ne4 f5 20. Qb2 Nf6 21. Ng5 Qd7 22. Qb6 Nc6 23. Qxb7 Rc7 24. Qb2 h6 25.
Ngf3 Bf8 26. Qe2 Rb7 27. Ne5 Nxe5 28. Bxe5 Ng4 29. Bc3 Rdb8 30. Rxb7 Rxb7 31. h3 Nf6 32. Qc2 Be7 33. Nf3 Qc8 34. Rb1 Nd7 35. Rxb7 Qxb7 36. Qb2 Qxb2 37. Bxb2 Bd6 38. Kf2 Kf7 39. Ke2 g6 40.
Kd2 Ke8 41. Bg7 h5 42. Kc2 Nb6 43. Bc3 Kd7 44. Nh4 Na4 45. Bf6 Be7 46. Bxe7 Kxe7 47. Nxg6+ Kf6 48. Ne5 Nb6 49. Kb3 a5 50. a4 Ke7 51.
Nc6+ 1-0

[Event "Late-Titled-Tuesday-Blitz-May-14-2024"]
[Site "Chess.com"]
[Date "2024.05.14"]
[Round "9"]
[White "RianKapriaga"]
[Black "duone"]
[Result "1/2-1/2"]
[WhiteElo "2289"]
[BlackElo "2414"]
[TimeControl "180+1"]
[EndTime "15:41:58 PDT"]
[Termination "Game drawn by repetition"]

1. d4 Nf6 2. Nf3 e6 3. Bf4 c5 4. e3 Nc6 5. c3 d5 6. Nbd2 b6 7.
Bd3 Bb7 8. Ne5 Bd6 9. O-O O-O 10. Nxc6 Bxc6 11. Bxd6 Qxd6 12. f4 Ne4 13. Nxe4 dxe4 14. Be2 f5 15. dxc5 Qxc5 16. Qd4 Rad8 17. Qxc5 bxc5 18.
Rfd1 Kf7 19. Bc4 Ke7 20. Kf2 Bd5 21. Be2 h6 22. Rd2 g5 23. g3 Rd6 24. a3 Rfd8 25. Rad1 g4 26. c4 Bc6 27. Rxd6 Rxd6 28. Rxd6 Kxd6 29.
b4 h5 30. Ke1 Kc7 31. Kd2 Kb6 32. Bd1 a5 33. bxc5+ Kxc5 34. Kc3 Bb7 35. Ba4 Ba6 36. Bb3 Bb7 37. Ba4 Ba6 38. Bb3 Bb7 39. Ba2 Ba6 40.
Bb3 1/2-1/2

[Event "Late-Titled-Tuesday-Blitz-May-14-2024"]
[Site "Chess.com"]
[Date "2024.05.14"]
[Round "9"]
[White "Sinquefield"]
[Black "Cherepov_Alexej"]
[Result "0-1"]
[WhiteElo "2555"]
[BlackElo "2436"]
[TimeControl "180+1"]
[EndTime "15:41:59 PDT"]
[Termination "Cherepov_Alexej won by resignation"]

1. d4 d5 2. Nc3 Nf6 3. Bf4 c5 4. e4 dxe4 5. dxc5 Qa5 6. Bb5+ Bd7 7. Bxd7+ Nbxd7 8. c6 bxc6 9. Ne2 e5 10. Bg5 Rb8 11. Rb1 h6 12. Be3 Bc5 13. Ng3 Bxe3 14. fxe3 Qc5 15. Qd2 Qc4 16. b3 Qb4 17. O-O O-O 18.
a3 Qxa3 19. Ncxe4 Nxe4 20. Nxe4 Qe7 21. Qa5 Nb6 22. Ra1 Nd5 23. Qxa7 Qxa7 24. Rxa7 Nxe3 25.
Rf2 Rbd8 26. h3 Rd1+ 27. Kh2 Nf1+ 28. Rxf1 Rxf1 29. Rc7 f5 30. Ng3 Rf2 31. Rxc6 f4 32. Ne4 Re2 33. Nc3 Rxc2 34. Kg1 f3 35. gxf3 Rxf3 36. Rc8+ Kh7 37. Rc7 0-1

[Event "Late-Titled-Tuesday-Blitz-May-14-2024"]
[Site "Chess.com"]
[Date "2024.05.14"]
[Round "9"]
[White "KaydenTroffChess"]
[Black "MKlose11"]
[Result "1-0"]
[WhiteElo "2853"]
[BlackElo "2626"]
[TimeControl "180+1"]
[EndTime "15:42:06 PDT"]
[Termination "KaydenTroffChess won by checkmate"]

1. d4 Nf6 2. Nf3 c5 3. dxc5 Qa5+ 4. Qd2 Qxc5 5. Qc3 Qxc3+ 6. Nxc3 d5 7. Nb5 Na6 8. Bf4 Bd7 9. e3 Nh5 10. Be5 f6 11.
Bc3 g6 12. O-O-O Bc6 13. Nbd4 Nc7 14. Nxc6 bxc6 15. g4 Ng7 16. g5 Kf7 17. h4 Nge6 18. h5 Bg7 19. gxf6 exf6 20. Bd3 g5 21. h6 Bf8 22. Bf5 Rb8 23. e4 Bb4 24. Bxe6+ Nxe6 25. Bxb4 Rxb4 26. exd5 cxd5 27. Rxd5 Rf4 28. Rd7+ Kg6 29. Nd2 Rxf2 30. Rxa7 Rc8 31. c3 Rd8 32. Ne4 Re2 33.
Ng3 Rg2 34. Ne4 Re2 35. Ng3 Rg2 36. Re7 Nf4 37. Rg7# 1-0